 Dungeon Crawl Stone Soup version 0.22-a0-482-g76e0a5f (webtiles) character file.

15 Gildeon the Firebug (level 2, 0/20 HPs)
             Began as a Demigod Fire Elementalist on June 17, 2018.
             Slain by a bat (1 damage)
             ... on level 1 of the Dungeon.
             The game lasted 00:04:13 (288 turns).

Gildeon the Firebug (Demigod Fire Elementalist)      Turns: 288, Time: 00:04:14

Health: 0/20       AC:  2    Str: 11    XL:     2   Next: 21%
Magic:  1/7        EV: 12    Int: 19    God:
Gold:   34         SH:  0    Dex: 16    Spells: 2/5 levels left

rFire    . . .     SeeInvis .   f - -1 dagger (curse)
rCold    . . .     Gourm    .   (no shield)
rNeg     . . .     Faith    .   a - +0 robe
rPois    .         Spirit   .   (no helmet)
rElec    .         Reflect  .   (no cloak)
rCorr    .         Harm     .   (no gloves)
MR       .....                  (no boots)
Stlth    ++........             (no amulet)
HPRegen  0.06/turn              (no ring)
MPRegen  0.10/turn              (no ring)

@: no status effects
A: high mp 1
a: no special abilities


You were on level 1 of the Dungeon.
You were not hungry.

You visited 1 branch of the dungeon, and saw 1 of its levels.

You collected 34 gold pieces.

Inventory:

Hand Weapons
 e - a +0 dagger
 f - a cursed -1 dagger (weapon)
Armour
 a - a +0 robe (worn)
Scrolls
 b - a scroll of magic mapping
 g - a scroll of identify
 h - a scroll of remove curse
Comestibles
 c - a ration
 d - 9 chunks of flesh


   Skills:
 + Level 0.1 Fighting
 + Level 0.1 Short Blades
 + Level 0.1 Armour
 - Level 1.7 Dodging
 - Level 1.7 Stealth
 * Level 2.0 Spellcasting
 * Level 1.3 Conjurations
 * Level 2.9 Fire Magic


You had 2 spell levels left.
You knew the following spells:

 Your Spells              Type           Power        Failure   Level  Hunger
a - Flame Tongue          Conj/Fire      #....        7%          1    #......
b - Throw Flame           Conj/Fire      #.....       11%         2    ###....

Your spell library contained the following spells:

 Spells                   Type           Power        Failure   Level  Hunger
 Fireball                 Conj/Fire      #.........   89%         5    ######.
 Conjure Flame            Conj/Fire      #.......     22%         3    ###....
 Sticky Flame             Conj/Fire      #.......     56%         4    #####..
 Inner Flame              Hex/Fire       #.......     28%         3    ###....


Dungeon Overview and Level Annotations

Branches:
Dungeon (1/15)


Innate Abilities, Weirdness & Mutations

You have an increased reservoir of magic. (+10% MP)


Message History

The bat barely misses you. The bat misses you.
The bat closely misses you. x2; The bat barely misses you.
You see here a club.
Casting: Flame Tongue (safe; 7% risk of failure)
Confirm with . or Enter, or press ? or * to list all spells.
Okay, then.
As you read the scroll labeled TEIPTE LEUKKI, it crumbles to dust.
It is a scroll of identify.
h - a scroll of remove curse The bat hits you but does no damage.
The bat barely misses you. The jackal closely misses you.
The bat barely misses you. The jackal completely misses you.
Wield which item (- for none, * to show all)? (? for menu, Esc to quit)
It sticks to your hand!
f - a cursed -1 dagger (weapon)
The jackal bites you.
* * * LOW HITPOINT WARNING * * *
You closely miss the jackal. The bat hits you but does no damage.
The bat hits you.
You die...

####### #########
#.....###.......#
########.....#.........# ********
.).....'.....#.........##*,,,,,,,
########.....#.............,,,,,,
############..b.b..........,,,,,,
.)...........gsh@..........,,,,,>
....#.........########...).,,,,,,
....#........g.# *.....,,,,,,
....#........#.## *.....,****+
.[..#........#..# ######,,,,,,
....#........##.## ###....###***,
....#......).##..###........## *,
....#........###.##..........##*,
.............# #.#............#*,


You could see a jackal, a giant cockroach, a hobgoblin and 2 bats.

Vanquished Creatures
  5 goblins (D:1)
  2 hobgoblins (D:1)
  A jackal (D:1)
  A kobold (D:1)
  A bat (D:1)
  2 frilled lizards (D:1)
  2 rats (D:1)
14 creatures vanquished.

Notes
Turn   | Place    | Note
-------+----------+-------------------------------------------
     0 | D:1      | Gildeon the Demigod Fire Elementalist began the quest for the Orb.
     0 | D:1      | Reached XP level 1. HP: 14/14 MP: 5/5
    32 | D:1      | Reached skill level 1 in Conjurations
   174 | D:1      | Reached XP level 2. HP: 20/20 MP: 0/7
   250 | D:1      | Learned a level 2 spell: Throw Flame
   283 | D:1      | HP: 1/20 [bat (1)]
   288 | D:1      | Slain by a bat

Vault maps used:
D:1:      minmay_arrival_loop

Skill      XL: |  1 |
---------------+----+-----
Conjurations   | 1 |  1.3
Spellcasting   | 2 |  2.0
Fighting       | |  0.1
Short Blades   | |  0.1
Armour         | |  0.1
Dodging        | |  1.7
Stealth        | |  1.7
Fire Magic     | |  2.9

Action                   || total
-------------------------++-------
Melee: Dagger            ||    11
       Unarmed           ||     1
 Cast: Flame Tongue      ||    25
  Use: Scroll            ||     2
 Stab: Sleeping          ||     1
Armor: Robe              ||    18
Dodge: Dodged            ||    47

Table legend:
 A = Spawn XP
 B = Non-spawn XP
 C = Spawn XP percentage of total XP
 D = Spawn monster count
 E = Non-spawn monster count
 F = Spawn count percentage of total count
 G = Total turns spent on level
                    A         B        C        D         E        F      G
               +---------+---------+-------+---------+---------+-------+---------
         Total |       0 |      22 |   0.0 |       0 |      14 |   0.0 |   288
               +---------+---------+-------+---------+---------+-------+---------
           D:1 |       0 |      22 |   0.0 |       0 |      14 |   0.0 |   288
               +---------+---------+-------+---------+---------+-------+---------
